 Dungeon Sprint DCSS version 0.18-a0-1292-ge8ad84c (webtiles) character file.

28 Kidiri the Sneak (level 2, 0/14 HPs)
             Began as a Spriggan Enchanter on Feb 9, 2016.
             Slain by a wolf (10 damage)
             ... in the Dungeon (Sprint III: "The Ten Rune Challenge").
             The game lasted 00:02:35 (148 turns).

Kidiri the Sneak (Spriggan Enchanter)                Turns: 148, Time: 00:02:35

Health: 0/14       AC:  3    Str:  4    XL:     2   Next: 96%
Magic:  1/8        EV: 19    Int: 16    God:
Gold:   0          SH:  0    Dex: 16    Spells: 2 memorised, 6 levels left

rFire  . . .     SeeInvis +     a - +1 dagger
rCold  . . .     Gourm    .     b - +1 robe
rNeg   . . .     Faith    .     (shield restricted)
rPois  .         Spirit   .     (helmet restricted)
rElec  .         Dismiss  .     (no cloak)
rCorr  .         Reflect  .     (gloves unavailable)
SustAt .         Harm     .     (boots unavailable)
MR     .....     NoTele   +     (no amulet)
Stlth  ++++......               (no ring)
                                (no ring)

@: very quick, not resistant to hostile enchantments, stealthy
A: unfitting armour, see invisible, herbivore 3, speed 3, slow metabolism 2
a: no special abilities


You were in the Dungeon.
You were not hungry.

You visited 1 branch

Inventory:

Hand Weapons
 a - a +1 dagger (weapon)
Armour
 b - a +1 robe (worn)
Scrolls
 j - a scroll of blinking
Potions
 f - a potion of heal wounds
 g - a potion of haste
 h - 2 potions of magic
 i - a potion of berserk rage
Books
 c - a book of Maledictions

   Spells                             Type                      Level
   a - Corona                         Hexes                        1
   b - Ensorcelled Hibernation        Hexes/Ice                    2
   c - Confuse                        Hexes                        3
   d - Tukima's Dance                 Hexes                        3
   e - Dazzling Spray                 Conjuration/Hexes            3
Comestibles
 d - a bread ration


   Skills:
 + Level 1.2 Fighting
 * Level 2.8 Short Blades
 + Level 1.0 Armour
 * Level 4.5 Dodging
 * Level 5.9 Stealth
 * Level 4.1 Spellcasting
 + Level 4.1 Hexes
 + Level 0.0 Ice Magic


You had 6 spell levels left.
You knew the following spells:

 Your Spells              Type           Power        Failure   Level  Hunger
a - Corona                Hex            ###....      3%          1    None
b - Ensorcelled Hibernat  Hex/Ice        #.....       12%         2    ##.....


Dungeon Overview and Level Annotations

Branches:
Dungeon (1/1)

Altars:


Innate Abilities, Weirdness & Mutations

You are tiny and cannot use many weapons and most armour.
You have supernaturally acute eyesight.
You are a herbivore.
You cover ground extremely quickly.
You need consume almost no food.


Message History

* * * LOW HITPOINT WARNING * * *
You miss the wolf. The wolf completely misses you. The wolf misses you.
Drink which item? (? for menu, Esc to quit)
You feel better. The wolf misses you. The wolf closely misses you.
You completely miss the wolf. The wolf barely misses you.
You hit the wolf but do no damage. The wolf closely misses you. x2
You closely miss the wolf. The wolf barely misses you.
You hit the wolf but do no damage. The wolf completely misses you.
You aren't carrying any items that can be evoked.
Unknown command.
Unknown command.
Unknown command.
Unknown command.
Unknown command.
Unknown command.
You barely miss the wolf. The wolf closely misses you. x2
You closely miss the wolf. The wolf barely misses you.
You closely miss the wolf. The wolf bites you!
Ouch! That really hurt!
You die...

▓.....#....≈♣♣
▓.....#...≈≈.♣♣
▓....)#..≈≈≈≈.♣♣
▓####'#..≈≈≈≈≈≈.
▓[....#.≈≈≈≈≈≈..
▓.%.).#.≈≈≈≈≈...
▓.....#.≈≈≈....p
▓'#####.........
▓..h@...........
▓▓▓▓▓▓▓▓▓▓▓▓▓▓▓▓


You could see a wolf.

Vanquished Creatures
  Jessica (D)
  3 rats (D)
4 creatures vanquished.

Vanquished Creatures (others)
  A yaktaur (D)
1 creature vanquished.

Grand Total: 5 creatures vanquished

Notes
Turn   | Place    | Note
--------------------------------------------------------------
     0 | D        | Kidiri the Spriggan Enchanter began the quest for the Orb.
     0 | D        | Reached XP level 1. HP: 9/9 MP: 5/5
    11 | D        | Noticed Jessica
    13 | D        | Killed Jessica
    13 | D        | Reached skill level 1 in Fighting
    13 | D        | Reached skill level 1 in Armour
    13 | D        | Reached skill level 5 in Stealth
    13 | D        | Reached XP level 2. HP: 12/14 MP: 6/8
    19 | D        | Learned a level 2 spell: Ensorcelled Hibernation
    32 | D        | Noticed a wolf
    58 | D        | Killed a yaktaur
   148 | D        | Slain by a wolf

Vault maps used:
D:        dungeon_sprint_mu

Action                   || total
-------------------------++-------
Melee: Dagger            ||    15
 Cast: Ensorcelled Hiber ||     5
       Corona            ||     1
  Use: Potion            ||     1
 Stab: Sleeping          ||     4
